Unix NetHack Version 5.0.0-0 post-release - last build May 23 2026 06:08:33 (1c0ff79ee797540d5714e4e18072db0edd9e58ae,branch:main).

Game began 2026-05-27 00:28:19, ended 2026-05-27 00:56:15.

FalseGod, lawful female dwarven Valkyrie

     -----                              ---        ------
     |...|                               .          ....|
     |.>^|                         ------.-    ------...|      -----
     |.)..##############           |m@(.|.|    |((..|...|      |...|
     ---|-             #+          |(((@|.+    |.((.|...|      |...|
      ###             ##|          |(/(.-.|    |(((.-....#     |...|
      #               ##|.--------+------)----------|..)|####  |...|
      #                #|.............{....|....|...|.[(|   ###....|
      #                #|..................|.._.|...|...|   ###-.---
      #                #|..................|....|...|...|########
     ##                #|.................{|....|...|)..|# #  ###
     #                 #|..........)...)...---|----|-..)|# #
    -.-------          #|...........[.........%.........|# #
    |.......|          #|....-|-----....-----|-|--......|# #
    |....<..|          #|....|..|. |....-..|..|..|......|# #
    |.......|          #|... |..|..-....|..|..|..|......|# #
    |.......+          #---- ----------------------------###
    |.......|         ####################################
    ---------

FalseGod the Skirmisher     St:17 Dx:13 Co:18 In:8 Wi:11 Ch:9  Lawful
Dlvl:6  $:26 HP:0(43) Pw:6(6) AC:0  Xp:4 T:1872 

Latest messages:
 It thrusts its dagger at the large cat.
 It hits the large cat.
 The large cat bites the watchman.
 The watchman is killed!
 There are several objects here.
 D - a pair of high boots.
 E - a zinc wand.
 Izchak senses your presence.
 "Invisible customers are not welcome!"
 What do you want to wear? [*] <esc>
 Never mind.
 What do you want to take off? [cksw or ?*] ?
 Suddenly you can see yourself.
 You were wearing a +0 cloak of invisibility.
 You do not owe Izchak anything.
 You do not owe Izchak anything.
 You see here a candle (for sale, 27 zorkmids).
 You see here a candle (for sale, 13 zorkmids).
 That candle is a large mimic!
 The large mimic hits!
 You miss the large mimic.
 The large mimic hits!
 You cannot escape from the large mimic!
 You hit the large mimic!
 You miss the large mimic.
 The large mimic misses!
 You hit the large mimic!
 You kill the large mimic!
 You see here a large mimic corpse (for sale, 43 zorkmids).
 That strange object is a small mimic!
 The small mimic hits!
 You miss the small mimic.
 You hear bubbling water.
 You miss the small mimic.
 You hit the small mimic.
 The small mimic hits!
 You miss the small mimic.
 You hit the small mimic.
 You hit the small mimic!
 The small mimic hits!
 You miss the small mimic.
 You hit the small mimic!
 The small mimic hits!
 You die...
 Izchak gratefully inherits all your possessions.
 Do you want to see what you had when you died? [ynq] (y) n
 Do you want to see your attributes? [ynq] (y) n
 Do you want an account of creatures vanquished? [ynaq] (y) n
 Do you want to see your conduct and achievements? [ynq] (y) y
 Do you want to see the dungeon overview? [ynq] (y) n

Inventory:
 Coins    ('$')
  $ - 26 gold pieces
 Weapons  (')')
  e - 6 +1 darts
  q - 12 +0 darts
  a - a +1 dwarvish spear (weapon in right hand)
  u - a +0 aklys
 Armor    ('[')
  B - an uncursed +0 dented pot
  k - an uncursed +0 orcish helm (being worn)
  D - an uncursed +1 pair of high boots
  w - a blessed +0 pair of iron shoes (being worn)
  c - an uncursed +3 small shield (being worn)
  s - an uncursed +0 cloak of invisibility
  x - a cursed -1 dwarvish cloak
  n - an uncursed +0 ring mail (being worn)
 Comestibles  ('%')
  d - 3 uncursed food rations
  t - 2 cursed pancakes
  A - an uncursed iguana corpse
  v - an uncursed lichen corpse
 Scrolls  ('?')
  p - an uncursed scroll of destroy armor
  i - a cursed scroll of enchant armor
  g - an uncursed scroll of enchant weapon
  o - an uncursed scroll of genocide
  y - an uncursed scroll of identify
  h - an uncursed scroll of scare monster
 Potions  ('!')
  C - an uncursed potion of confusion
  j - an uncursed potion of fruit juice
  l - an uncursed potion of see invisible
 Wands    ('/')
  E - a wand of magic missile (0:8)
 Tools    ('(')
  m - an uncursed skeleton key
  z - an uncursed tin whistle

FalseGod the Valkyrie's attributes:

Background:
 You were a Skirmisher, a level 4 dwarven Valkyrie.
 You were lawful, on a mission for Tyr
 who was opposed by Odin (neutral) and Loki (chaotic).
 You were right-handed.
 You were in the Gnomish Mines, on level 6.
 You entered the dungeon 1872 turns ago.
 It was the midnight hour.
 You had 154 experience points, 6 more were needed to attain level 5.

Basics:
 You had 0 out of 43 hit points.
 You had all 6 energy points (spell power).
 Your armor class was 0.
 Your wallet contained 26 zorkmids.
 Autopickup was off.

Final Characteristics:
 Your strength was 17 (limit:18/100).
 Your dexterity was 13 (limit:20).
 Your constitution was 18 (limit:20).
 Your intelligence was 8 (limit:16).
 Your wisdom was 11 (limit:16).
 Your charisma was 9 (limit:16).

Final Status:
 You weren't hungry.
 You were unencumbered.
 You were wielding a spear.
 You had basic skill with spear.

Final Attributes:
 You were devoutly aligned.
 You were cold resistant.
 You had infravision.
 You were stealthy.
 You were warded.
 You are dead.

Miscellaneous:
 You didn't encounter any bones levels.
 Total elapsed playing time was 27 minutes and 54 seconds.

Major events:
 Turn
    1: FalseGod the lawful dwarven Valkyrie entered the dungeon
  670: attained the rank of Skirmisher (level 3)
  889: entered the Gnomish Mines
 1619: reached Mine Town
 1872: killed by a small mimic

You didn't know any spells.

Skills:
 Fighting Skills
   bare handed combat [Unskilled]
   two weapon combat  [Unskilled]
   riding             [Unskilled]
 Weapon Skills
   dagger             [Basic]
   axe                [Unskilled]
   pick-axe           [Unskilled]
   short sword        [Unskilled]
   broadsword         [Unskilled]
   long sword         [Unskilled]
   two-handed sword   [Unskilled]
   saber              [Unskilled]
   hammer             [Unskilled]
   quarterstaff       [Unskilled]
   polearms           [Unskilled]
   spear              [Basic]
   trident            [Unskilled]
   lance              [Unskilled]
   sling              [Unskilled]
 Spellcasting Skills
   attack spells      [Unskilled]
   escape spells      [Unskilled]

Voluntary challenges:
 Character rerolling was not enabled.
 You were illiterate.
 You never genocided any monsters.
 You never polymorphed an object.
 You never changed form.
 You used no wishes.
Achievements:
 You attained the rank of Skirmisher.
 You entered the Gnomish Mines.
 You entered Minetown.
 You entered a shop.
 You entered a temple.

 The Dungeons of Doom: levels 1 to 3
    Level 1:
    Level 2:
       A fountain.
    Level 3:
       Stairs down to The Gnomish Mines.
 The Gnomish Mines: levels 4 to 6
    Level 4:
    Level 5:
    Level 6: <- You were here.
       Some shops, a temple and an altar to Tyr, some fountains.
       Final resting place for
          you, killed by a small mimic.


Vanquished creatures:
  a large mimic
  3 watchmen
  2 Uruk-hai
  3 gnome leaders
  a dwarf
  a kobold leader
  2 wererats
  a werejackal
 an iguana
  a coyote
  a hobbit
  a large kobold
  a hobgoblin
  4 giant rats
  a brown mold
  a yellow mold
 14 gnomes
  a gnome zombie
  3 geckos
  4 jackals
  2 foxes
  a kobold
  a goblin
  2 grid bugs
  3 lichens
  4 newts
60 creatures vanquished.

No species were genocided or became extinct.

Game over:
                       ----------
                      /          \
                     /    REST    \
                    /      IN      \
                   /     PEACE      \
                  /                  \
                  |     FalseGod     |
                  |       0 Au       |
                  |   killed by a    |
                  |   small mimic    |
                  |                  |
                  |                  |
                  |       2026       |
                 *|     *  *  *      | *
        _________)/\\_//(\/(/\)/\//\/|_)_______

Farvel FalseGod the Valkyrie...

You died in The Gnomish Mines on dungeon level 6 with 866 points,
and 0 pieces of gold, after 1872 moves.
You were level 4 with a maximum of 43 hit points when you died.

